 Dungeon Crawl Stone Soup version 0.18-a0-960-g77c8fc5 (webtiles) character file.

6062 Sodium1970 the Blocker (level 11, -9/86 HPs)
             Began as a Human Fighter on Dec 31, 2015.
             Was a Priest of the Shining One.
             Mangled by a hill giant
             ... wielding a +0 giant club
              (22 damage)
             ... on level 11 of the Dungeon.
             The game lasted 00:43:47 (10671 turns).

Sodium1970 the Blocker (Human Fighter)             Turns: 10671, Time: 00:43:48

Health: -9/86      AC: 21    Str: 24    XL:     11   Next: 11%
Magic:  11/11      EV:  9    Int: 10    God:    the Shining One [***...]
Gold:   531        SH: 12    Dex: 12    Spells: 0 memorised, 10 levels left

rFire  . . .     SeeInvis .     a - +0 long sword
rCold  . . .     Gourm    .     o - +1 plate armour
rNeg   + + .     Faith    .     s - +0 shield
rPois  .         Spirit   .     J - +0 helmet
rElec  .         Dismiss  .     b - +0 cloak (curse)
rCorr  .         Reflect  .     e - +0 pair of gloves
SustAt .         Harm     .     v - +2 pair of boots
MR     .....                    (no amulet)
Stlth  ..........               f - ring of positive energy
                                I - +2 ring of evasion

@: mighty, glowing, not resistant to hostile enchantments, extremely unstealthy
A: no striking features
a: Divine Shield, Renounce Religion


You were on level 11 of the Dungeon.
You worshipped the Shining One.
The Shining One was most pleased with you.
You were not hungry.

You visited 2 branches of the dungeon, and saw 12 of its levels.

You collected 531 gold pieces.

Inventory:

Hand Weapons
 a - a +0 long sword (weapon)
Missiles
 j - 6 arrows of flame
 M - 8 exploding tomahawks (quivered)
Armour
 b - a cursed +0 cloak (worn)
 e - a +0 pair of gloves (worn)
 m - a +1 cloak
 o - a +1 plate armour (worn)
 s - a +0 shield (worn)
 v - a +2 pair of boots (worn)
 B - a +0 plate armour
 J - a +0 helmet (worn)
 K - a +2 cloak of magic resistance
Jewellery
 f - a ring of positive energy (right hand)
 y - an uncursed ring of positive energy
 z - an uncursed ring of wizardry
 D - a +3 ring of intelligence
 I - a +2 ring of evasion (left hand)
Wands
 c - a wand of confusion (14/48)
 t - a wand of flame (42/48)
 F - a wand of teleportation (2/9)
 H - a wand of slowing (29/48)
Scrolls
 k - 3 scrolls of magic mapping
 l - 7 scrolls of teleportation
 u - a scroll of fear
 x - a scroll of fog
Potions
 h - 2 potions of haste
 i - a potion of curing
 n - 3 potions of heal wounds
 r - 2 potions of lignification {unknown}
 E - 2 potions of invisibility
 G - a potion of degeneration {unknown}
 L - a potion of cure mutation {unknown}
Books
 g - a book of the Dragon

   Spells                             Type                      Level
   a - Flame Tongue                   Conjuration/Fire             1
   b - Cause Fear                     Hexes                        4
   c - Bolt of Fire                   Conjuration/Fire             6
   d - Dragon Form                    Transmutation                7
   e - Dragon's Call                  Summoning                    9
Comestibles
 p - 4 meat rations
 q - 2 beef jerkies
 w - 8 slices of pizza
 A - 2 bread rations


   Skills:
 + Level 8.1 Fighting
 + Level 8.3 Long Blades
 + Level 7.4 Armour
 + Level 4.5 Dodging
 + Level 0.2 Stealth
 + Level 8.9 Shields


You had 10 spell levels left.
You didn't know any spells.

Dungeon Overview and Level Annotations

Branches:
Dungeon (11/15)            Temple (1/1) D:5
   Lair: D:8-11         Orc: D:9-12

Altars:
Ashenzari
Cheibriados
Elyvilon
Fedhas
Gozag
Kikubaaqudgha
Makhleb
Nemelex Xobeh
Okawaru
Qazlal
Ru
Sif Muna
Trog
Vehumet
Xom
Yredelemnul
Zin
The Shining One


Message History

You hit the hill giant.
The hill giant is lightly wounded.
The hill giant closely misses you.
You slash the hill giant!
The hill giant is lightly wounded.
The hill giant closely misses you.
You slash the hill giant!
The hill giant is moderately wounded.
The hill giant closely misses you.
You hit the hill giant.
The hill giant is moderately wounded.
The hill giant hits you with a giant spiked club.
* * * LOW HITPOINT WARNING * * *
You slash the hill giant!
The hill giant is heavily wounded.
The hill giant barely misses you. The hill giant closely misses you.
You slice the hill giant!!
The hill giant is almost dead.
The hill giant hits you with a giant club!!
You die...

#### #..# #..#
#..# #@.# ##
##CC##
##.####Yt..#
#..<..YY##.....#
#...[..Y##
####..
#..........#
#...........#
.............#
..............#


You could see 2 hill giants, 4 yaks and a crocodile.

Vanquished Creatures
  Pikel (D:7)
  The ghost of Sodium1970 the Shield-Bearer, a novice HuFi (D:6)
  2 centaur zombies (D:10)
  A two-headed ogre (D:8)
  A wyvern (D:8)
  5 yaks (D:9)
  A human (D:8)
  2 hippogriffs
  A hungry ghost (D:7)
  A water moccasin (D:8)
  4 ice beasts
  A sky beast (D:10)
  3 phantoms
  4 ogres
  6 giant frogs
  A scorpion (D:7)
  6 crimson imps
  A giant frog zombie (D:7)
  A quasit (D:6)
  6 jellies
  3 orc priests
  A giant frog skeleton (D:6)
  6 hounds
  2 iguanas
  A centaur skeleton (D:5)
  3 orc wizards
  A worker ant (D:6)
  5 sheep
  A hound zombie (D:7)
  A worker ant zombie (D:6)
  8 gnolls
  11 adders
  A shadow imp (D:9)
  2 oozes
  2 adder zombies
  4 worms
  7 giant geckos
  19 orcs
  7 giant cockroaches
  3 goblins
  6 hobgoblins
  9 jackals
  8 kobolds
  4 quokkas
  4 ball pythons
  3 bats (D:1)
  A giant cockroach zombie (D:5)
  A giant gecko zombie (D:5)
  4 giant newts
  A quokka skeleton (D:6)
  2 quokka zombies
  9 rats
189 creatures vanquished.

Vanquished Creatures (others)
  A black bear (D:7)
  A centaur (D:5)
  A giant frog (D:7)
  An adder zombie (D:5)
  5 orcs (D:5)
  A jackal (D:5)
  A plant (D:10)
11 creatures vanquished.

Grand Total: 200 creatures vanquished

Notes
Turn   | Place    | Note
--------------------------------------------------------------
     0 | D:1      | Sodium1970 the Human Fighter began the quest for the Orb.
     0 | D:1      | Reached XP level 1. HP: 18/18 MP: 1/1
   129 | D:1      | Reached XP level 2. HP: 24/24 MP: 2/2
   438 | D:1      | Reached XP level 3. HP: 26/29 MP: 3/3
  1059 | D:2      | Reached XP level 4. HP: 37/37 MP: 4/4
  1112 | D:2      | Found a glowing golden altar of the Shining One.
  1120 | D:2      | Became a worshipper of the Shining One
  1184 | D:2      | Found an opulent altar of Gozag.
  1187 | D:2      | Found a basalt altar of Yredelemnul.
  1187 | D:2      | Found a shimmering altar of Xom.
  1217 | D:2      | Reached skill level 1 in Dodging
  1649 | D:3      | Reached skill level 4 in Fighting
  2184 | D:3      | Reached XP level 5. HP: 42/42 MP: 5/5
  2383 | D:4      | Found a blossoming altar of Fedhas.
  2384 | D:4      | Found an ancient bone altar of Kikubaaqudgha.
  2559 | D:4      | Found a deep blue altar of Sif Muna.
  3086 | D:5      | Entered Level 5 of the Dungeon
  3197 | D:5      | Noticed an ice beast
  3245 | D:5      | Killed an ice beast
  3245 | D:5      | Reached XP level 6. HP: 25/48 MP: 6/6
  3287 | D:5      | Noticed an ice beast
  3356 | D:5      | Killed an ice beast
  3356 | D:5      | Reached XP level 7. HP: 26/55 MP: 7/7
  3575 | D:5      | Found a radiant altar of Vehumet.
  4261 | D:5      | Reached * piety under the Shining One
  4440 | D:5      | Reached skill level 5 in Shields
  4467 | D:5      | Found a staircase to the Ecumenical Temple.
  4480 | Temple   | Entered the Ecumenical Temple
  4889 | D:5      | Reached XP level 8. HP: 52/61 MP: 8/8
  5030 | D:6      | Noticed Sodium1970's ghost (novice HuFi)
  5061 | D:6      | Killed Sodium1970's ghost
  5061 | D:6      | Reached skill level 5 in Fighting
  5061 | D:6      | Reached skill level 6 in Shields
  6002 | D:6      | Reached skill level 5 in Long Blades
  6002 | D:6      | Reached skill level 5 in Armour
  6002 | D:6      | Reached XP level 9. HP: 68/68 MP: 9/9
  6011 | D:6      | Found a blossoming altar of Fedhas.
  6308 | D:7      | Got a shimmering dagger
  6574 | D:7      | Found a white marble altar of Elyvilon.
  6601 | D:7      | Reached skill level 7 in Shields
  6624 | D:7      | Reached ** piety under the Shining One
  7005 | D:7      | Noticed Pikel
  7039 | D:7      | Killed Pikel
  7437 | D:8      | Reached XP level 10. HP: 60/77 MP: 10/10
  7761 | D:8      | Reached skill level 8 in Shields
  8509 | D:9      | Found a blossoming altar of Fedhas.
  8681 | D:9      | Found a snail-covered altar of Cheibriados.
  9756 | D:10     | Entered Level 10 of the Dungeon
  9958 | D:10     | Reached *** piety under the Shining One
 10057 | D:10     | Reached XP level 11. HP: 86/86 MP: 11/11
 10634 | D:10     | Noticed a hill giant
 10651 | D:11     | Found a stormy altar of Qazlal.
 10657 | D:11     | Noticed a hill giant
 10671 | D:11     | Mangled by a hill giant

Vault maps used:
D:1:      mrwooster_arrival_statue_3
D:2:      grunt_temple_overflow_open, nicolae_tso_swordbearing_angel
D:4:      grunt_temple_overflow_growth_and_decay, lemuel_round_altar,
          first_bread
D:5:      fiery_altar_vehumet, minmay_temple_entry_enclosed_plants
D:6:      fedhas_altar_3
D:7:      elyvilon_altar_5, uniq_pikel
D:8:      grunt_livestock
D:9:      gammafunk_temple_overflow_wave, cheibriados_altar_wand_db,
          basic_altar, kennysheep_generic_room_7, uniq_joseph
D:10:     minmay_lair_entry_grove, minmay_tree_intersection,
          minmay_misc_feat_ornament, minivault_22
D:11:     basic_altar
Temple:   minmay_temple_bridge_a_8

Action                   |  1- 3 |  4- 6 |  7- 9 | 10-12 || total
-------------------------+-------+-------+-------+-------++-------
Melee: Long sword        |   115 |   220 |   392 |   321 ||  1048
Evoke: Wand              |       |       |       |     2 ||     2
  Use: Scroll            |       |     8 |     9 |     8 ||    25
       Potion            |       |       |       |     5 ||     5
  Eat: Bread ration      |     1 |     1 |     2 |       ||     4
       Beef jerky        |       |       |     4 |       ||     4
       Meat ration       |       |       |     1 |     1 ||     2
       Fruit             |       |       |       |     3 ||     3
